[Event "Team 45 45 League T44"]
[Site "Internet Chess Club"]
[Date "2010.02.07"]
[Round "1"]
[White "Klampin"]
[Black "Paulkov"]
[Result "1/2-1/2"]
[WhiteElo "2140"]
[BlackElo "2091"]
[Opening "Queen's bishop game"]
[ECO "D02"]
[Time "15:00:12"]
[TimeControl "2700+45"]

1. Nf3 Nf6 2. d4 d5 3. Bf4 c5 4. e3 Qb6 5. Nc3 c4 6. a4 Qxb2 7. Nb5 Na6 8. Nd2
c3 9. Nc4 dxc4 10. Rb1 Qa2 11. Ra1 Qb2 12. Rb1 {Game drawn by mutual agreement}
1/2-1/2

[Event "Team 45 45 League T44"]
[Site "Internet Chess Club"]
[Date "2010.02.06"]
[Round "1"]
[White "chsrules88"]
[Black "superbeast"]
[Result "0-1"]
[WhiteElo "2010"]
[BlackElo "1824"]
[Opening "Sicilian: Sveshnikov variation"]
[ECO "B33"]
[Time "13:00:39"]
[TimeControl "2700+45"]

1. e4 c5 2. Nf3 Nc6 3. d4 cxd4 4. Nxd4 Nf6 5. Nc3 e5 6. Ndb5 d6 7. Bg5 a6 8. Na3
b5 9. Bxf6 gxf6 10. Nd5 f5 11. Bd3 Be6 12. c4 Qa5+ 13. Qd2 Qxd2+ 14. Kxd2 Bh6+
15. Kd1 bxc4 16. Nc7+ Ke7 17. Nxa8 cxd3 18. exf5 Bd5 19. f3 Rxa8 20. Rf1 Nd4 21.
h3 Rc8 22. b3 Nc2 {White resigns} 0-1

[Event "Team 45 45 League T44"]
[Site "Internet Chess Club"]
[Date "2010.02.06"]
[Round "1"]
[White "King96"]
[Black "charles-allen"]
[Result "0-1"]
[WhiteElo "1693"]
[BlackElo "1883"]
[Opening "QGD Slav: exchange variation"]
[ECO "D13"]
[Time "15:02:36"]
[TimeControl "2700+45"]

1. d4 d5 2. c4 c6 3. Nf3 Nf6 4. cxd5 cxd5 5. Nc3 Nc6 6. Bf4 Ne4 7. e3 Bg4 8. Be2
e6 9. O-O Be7 10. Nxe4 dxe4 11. Ne5 Nxe5 12. Bxe5 Bxe2 13. Qxe2 f6 14. Bg3 O-O
15. Rfd1 Qd5 16. a3 Rac8 17. Rac1 Rc6 18. h3 Rfc8 19. Qd2 Bd6 20. Bxd6 Qxd6 21.
Rc3 Rxc3 22. bxc3 Qxa3 23. d5 Rd8 24. d6 Qc5 25. Qa2 Kf7 26. Qb1 Qc6 27. Rd4 f5
28. Qb4 b6 29. g4 a5 30. Qb1 Rxd6 31. Rxd6 Qxd6 32. gxf5 exf5 33. Qb3+ Qe6 34.
Qb5 Ke7 35. c4 Qd6 36. Kh1 g6 37. Qb2 Kd7 38. Qb5+ Qc6 39. Qe5 Qxc4 40. Qg7+ Kd6
41. Qf8+ Kc6 42. Qc8+ Kb5 43. Qe8+ Kb4 44. Qe7+ Kb3 45. Qxh7 Qf1+ 46. Kh2 Qxf2+
47. Kh1 Qxe3 48. Qf7+ Kc3 49. Qg7+ Kd2 50. Qb2+ Ke1 51. Qb1+ Kf2 52. Qb2+ Kg3
53. Qh2+ Kh4 54. Qf2+ Qg3 55. Qxb6 Qxh3+ 56. Kg1 Qg3+ 57. Kh1 Kh3 58. Qe3 Qf3+
59. Qxf3+ exf3 60. Kg1 a4 61. Kf2 a3 62. Ke3 a2 63. Kf4 f2 64. Kg5 f1=Q 65. Kh6
Qf4+ 66. Kh7 a1=Q 67. Kg8 Qa7 68. Kh8 Qfb8# {White checkmated} 0-1

[Event "Team 45 45 League T44"]
[Site "Internet Chess Club"]
[Date "2010.02.05"]
[Round "1"]
[White "Kingofknights"]
[Black "vaknight"]
[Result "1-0"]
[WhiteElo "1685"]
[BlackElo "1706"]
[Opening "Benoni defense, Hromodka system"]
[ECO "A56"]
[Time "20:00:23"]
[TimeControl "2700+45"]

1. d4 Nf6 2. c4 c5 3. d5 d6 4. Nc3 e6 5. e4 g6 6. Bf4 exd5 7. cxd5 a6 8. a4 Bg7
9. h3 O-O 10. Qd2 Re8 11. Bd3 Qe7 12. f3 Nbd7 13. Nge2 Ne5 14. O-O Nxd3 15. Qxd3
Nh5 16. Bh2 f5 17. Rae1 Bd7 18. b3 b5 19. axb5 axb5 20. Nxb5 Bxb5 21. Qxb5 fxe4
22. fxe4 Be5 23. Nf4 Nxf4 24. Bxf4 Rf8 25. Bh6 Bg7 26. Bxg7 Qxg7 27. e5 Rxf1+
28. Kxf1 Qf7+ 29. Kg1 Qxd5 30. Qc4 Qxc4 31. bxc4 dxe5 32. Rxe5 Rc8 33. Kf2 Kf7
34. Ke3 Kf6 35. Ke4 Rc6 36. g4 h6 37. Kd5 Ra6 38. Re3 Ra5 39. Kc6 h5 40. Kb6 Ra1
41. Kxc5 hxg4 42. hxg4 Kg5 43. Re4 Rc1 44. Kd6 Kh4 45. c5 g5 46. c6 Rd1+ 47. Ke6
Rc1 48. Kd5 {Black resigns} 1-0

[Event "Team 45 45 League T44"]
[Site "Internet Chess Club"]
[Date "2010.02.08"]
[Round "1"]
[White "wbanks"]
[Black "Kallistos"]
[Result "1-0"]
[WhiteElo "1731"]
[BlackElo "1649"]
[Opening "Scandinavian (center counter) defense"]
[ECO "B01"]
[Time "18:00:08"]
[TimeControl "2700+45"]

1. e4 d5 2. exd5 Qxd5 3. Nc3 Qa5 4. d4 Nf6 5. Nf3 c6 6. Bc4 Bf5 7. Bd2 e6 8. O-O
Bb4 9. a3 Bxc3 10. Bxc3 Qc7 11. Ne5 Nbd7 12. Re1 O-O 13. Bd3 Bxd3 14. Qxd3 Rad8
15. Qf3 Nxe5 16. dxe5 Nd5 17. Rad1 Nxc3 18. Qxc3 Rd5 19. Rxd5 exd5 20. Qd4 a6
21. f4 Qc8 22. c4 Rd8 23. Rd1 c5 24. Qd3 d4 25. f5 Qc6 26. Re1 Re8 27. b3 a5 28.
h3 Qd7 29. Kf1 a4 30. bxa4 Qxa4 31. Kg1 Qa5 32. Kf2 h6 33. Re2 Qc7 34. Qg3 Qd7
35. Qd3 h5 36. Kg1 h4 37. Qe4 Qa4 38. Qd3 Qc6 39. Re1 Qa6 40. Re4 Qh6 41. Re1
Qf4 42. e6 Re7 43. a4 Kf8 44. a5 Qc7 45. Qd2 Qg3 46. Re4 Kg8 47. Rg4 Qe3+ 48.
Qxe3 dxe3 49. Re4 fxe6 50. fxe6 g5 51. Rxe3 Kg7 52. Kf2 Kf6 53. Kf3 Re8 54. Kg4
Re7 55. Re2 Kg6 56. Re5 Kf6 57. Rxg5 {Black resigns} 1-0

[Event "Team 45 45 League T44"]
[Site "Internet Chess Club"]
[Date "2010.02.10"]
[Round "1"]
[White "pudge"]
[Black "dinkola"]
[Result "0-1"]
[WhiteElo "1426"]
[BlackElo "1715"]
[Opening "Alekhine's defense"]
[ECO "B02"]
[Time "18:09:06"]
[TimeControl "2700+45"]

1. e4 Nf6 2. Nc3 d6 3. d3 c5 4. Bg5 e6 5. Be2 Be7 6. Nf3 Nc6 7. O-O O-O 8. a3 a6
9. h3 b5 10. Be3 Bb7 11. Qd2 Qc7 12. Rab1 Rac8 13. b4 cxb4 14. axb4 Nxb4 15.
Rxb4 Qxc3 16. Qxc3 Rxc3 17. Rb2 Rfc8 18. Rc1 Nd7 19. Bd4 R3c7 20. c4 bxc4 21.
Rxc4 Rxc4 22. Rxb7 R4c7 23. Rxc7 Rxc7 24. Be3 e5 25. Nh2 a5 26. Bd1 Nc5 {White
resigns} 0-1

[Event "Team 45 45 League T44"]
[Site "Internet Chess Club"]
[Date "2010.02.10"]
[Round "1"]
[White "slipkid"]
[Black "gladius"]
[Result "1-0"]
[WhiteElo "1554"]
[BlackElo "1330"]
[Opening "French: Burn variation"]
[ECO "C11"]
[Time "14:08:53"]
[TimeControl "2700+45"]

1. e4 e6 2. d4 d5 3. Nc3 Nf6 4. Bg5 dxe4 5. Nxe4 Be7 6. Bd3 Qxd4 7. Bb5+ Bd7 8.
Qxd4 Bxb5 9. Nxf6+ gxf6 10. Bxf6 Nc6 11. Qf4 Bb4+ 12. c3 Bd6 13. Qe4 Rg8 14.
O-O-O Rg6 15. Bh4 f5 16. Qe1 Bf4+ 17. Kb1 Ne5 18. Ne2 Nd3 19. Rxd3 Bxd3+ 20. Ka1
Bh6 21. Qd1 Ba6 22. Re1 e5 23. Qd5 Rd6 24. Qxe5+ Kd7 25. Qxf5+ Kc6 26. Nd4+ Kb6
27. Be7 Rg6 28. Qc5# {Black checkmated} 1-0

[Event "Team 45 45 League T44"]
[Site "Internet Chess Club"]
[Date "2010.02.08"]
[Round "1"]
[White "werty"]
[Black "houseofcook"]
[Result "1/2-1/2"]
[WhiteElo "1518"]
[BlackElo "1446"]
[Opening "QGD: 4.Nf3"]
[ECO "D37"]
[Time "14:30:07"]
[TimeControl "2700+45"]

1. d4 Nf6 2. c4 e6 3. Nc3 d5 4. Nf3 Be7 5. Bg5 Nbd7 6. e3 h6 7. Bh4 Ne4 8. Bxe7
Qxe7 9. Nxe4 dxe4 10. Nd2 Nf6 11. Qc2 b6 12. Rc1 Bb7 13. c5 bxc5 14. Qxc5 Qxc5
15. Rxc5 Rc8 16. Bb5+ c6 17. Ba4 O-O 18. O-O Nd7 19. Rc3 Nb6 20. Bb3 Nd5 21. Rc2
f5 22. Rfc1 Kh8 23. Nc4 Nb4 24. Rc3 Nd3 25. R1c2 Nb4 {Game drawn by mutual
agreement} 1/2-1/2

[Event "Team 45 45 League T44"]
[Site "Internet Chess Club"]
[Date "2010.02.05"]
[Round "1"]
[White "SugarIslander"]
[Black "Giacometti"]
[Result "1/2-1/2"]
[WhiteElo "1657"]
[BlackElo "1785"]
[Opening "Dutch with c4 & Nc3"]
[ECO "A85"]
[Time "18:30:18"]
[TimeControl "2700+45"]

1. d4 f5 2. c4 Nf6 3. Nc3 e6 4. Bg5 Be7 5. e3 b6 6. Be2 O-O 7. Bf3 Nc6 8. Bxf6
Bxf6 9. d5 exd5 10. cxd5 Ne5 11. d6 Nxf3+ 12. Nxf3 c6 13. O-O Ba6 14. Re1 Qe8
15. Qa4 Bxc3 16. bxc3 Bd3 17. Rad1 b5 18. Qd4 Bc4 19. Nd2 Bxa2 20. e4 fxe4 21.
Rxe4 Qg6 22. Rde1 Be6 23. R1e3 Qf6 24. Nf3 Qxd4 25. Nxd4 Rfe8 26. Nxe6 Rxe6 27.
Rxe6 dxe6 28. Rxe6 Kf7 29. Re7+ Kf8 30. Rc7 Rd8 31. Rxc6 a5 32. Rb6 a4 33. Rxb5
Rxd6 34. g3 Ra6 35. Rb2 Ke7 36. Kf1 Kd6 37. Ke2 Kc5 38. Kd3 Rd6+ 39. Kc2 Re6 40.
Kd3 Rd6+ 41. Ke3 a3 42. Ra2 Ra6 43. Kd3 h5 44. f4 g6 45. h3 Kd5 46. c4+ Kc5 47.
Kc3 Ra7 48. Kb3 Rb7+ 49. Kc3 Ra7 50. g4 hxg4 51. hxg4 Ra4 52. Kb3 Rxc4 53. Rc2
Rxc2 54. Kxc2 Kd5 55. Kb3 Ke4 56. f5 gxf5 57. gxf5 Kxf5 58. Kxa3 {Game drawn
because neither player has mating material} 1/2-1/2

[Event "Team 45 45 League T44"]
[Site "Internet Chess Club"]
[Date "2010.02.06"]
[Round "1"]
[White "cobra2008"]
[Black "oldsj"]
[Result "1-0"]
[WhiteElo "1729"]
[BlackElo "1565"]
[Opening "Sicilian: Sozin attack"]
[ECO "B86"]
[Time "18:00:38"]
[TimeControl "2700+45"]

1. e4 c5 2. Nf3 d6 3. Nc3 Nf6 4. Bc4 e6 5. d4 cxd4 6. Nxd4 a6 7. O-O b5 8. Bd3
Bb7 9. Re1 Nbd7 10. Bg5 Be7 11. a3 O-O 12. Qf3 Ne5 13. Qg3 Nh5 14. Bxe7 Qxe7 15.
Qe3 Qf6 16. Rad1 Nf4 17. Nce2 Nfg6 18. f4 Nd7 19. Rf1 Qe7 20. f5 Nge5 21. fxe6
fxe6 22. Qh3 Rxf1+ 23. Rxf1 Nf6 24. Qxe6+ Qxe6 25. Nxe6 Nxe4 26. N2d4 Nxd3 27.
cxd3 Nf6 28. Nf5 d5 29. Nfxg7 Nd7 30. Re1 d4 31. Nf5 Re8 32. Nd6 Rb8 33. Nxd4
Nc5 34. Re3 Bd5 35. Re5 Nxd3 36. Rxd5 Nf4 37. Rg5+ Kf8 38. Rf5+ Ke7 39. Nc6+
Kxd6 40. Nxb8 Ng6 {Black resigns} 1-0

[Event "Team 45 45 League T44"]
[Site "Internet Chess Club"]
[Date "2010.02.06"]
[Round "1"]
[White "rom1"]
[Black "DanMcClintic"]
[Result "0-1"]
[WhiteElo "1541"]
[BlackElo "1633"]
[Opening "King's Indian: orthodox, Aronin-Taimanov variation (Yugoslav attack / Mar del Plata variation)"]
[ECO "E97"]
[Time "10:00:12"]
[TimeControl "2700+45"]

1. d4 Nf6 2. c4 g6 3. Nc3 Bg7 4. e4 d6 5. Nf3 O-O 6. Be2 e5 7. O-O Nc6 8. d5 Ne7
9. h3 Nh5 10. Nh2 Nf4 11. Ng4 f5 12. exf5 gxf5 13. Ne3 Nxe2+ 14. Qxe2 f4 15. Ng4
f3 16. gxf3 Nf5 17. Ne4 Nd4 18. Qd1 Nxf3+ 19. Kg2 Bxg4 20. hxg4 Qh4 21. Qxf3
Rxf3 22. Kxf3 Rf8+ 23. Ke2 Qxg4+ 24. Kd3 Rf3+ 25. Be3 Qf5 26. Rg1 Kf7 27. Rg5
Qf4 28. Rag1 Bh6 29. R5g3 Rxg3 30. Rxg3 Qh4 31. Bg5 Bxg5 32. Nxg5+ Ke7 33. Ne6
c6 34. Rg7+ Kf6 35. Rg3 cxd5 36. cxd5 Qh1 37. Nc7 Qd1+ 38. Kc4 Qd4+ 39. Kb3 Qb6+
{White resigns} 0-1

[Event "Team 45 45 League T44"]
[Site "Internet Chess Club"]
[Date "2010.02.08"]
[Round "1"]
[White "medsurg"]
[Black "Just-Jim"]
[Result "1-0"]
[WhiteElo "1405"]
[BlackElo "1340"]
[Opening "Petrov's defense"]
[ECO "C42"]
[Time "17:00:10"]
[TimeControl "2700+45"]

1. e4 e5 2. Nf3 Nf6 3. Nxe5 Qe7 4. d4 d6 5. Nf3 Qxe4+ 6. Be2 Bf5 7. c4 Be7 8.
Nc3 Qc6 9. O-O O-O 10. Be3 Qd7 11. Qb3 b6 12. Qb5 c6 13. Qa4 Qc8 14. Rac1 Na6
15. Nh4 Bd7 16. Qd1 d5 17. Nf3 Nc7 18. Ne5 h6 19. Nxd7 Qxd7 20. cxd5 Ncxd5 21.
Nxd5 Nxd5 22. Bf3 Qd6 23. g3 a5 24. Re1 Rac8 25. Bd2 f5 26. Qe2 Rfe8 27. Qe6+
Qxe6 28. Rxe6 Nc7 29. Rexc6 Bd8 30. d5 Re7 31. d6 Rd7 32. Bf4 g5 33. Be5 Nb5 34.
Rxc8 Nxd6 35. Bxd6 Rxd6 36. Rd1 {Black resigns} 1-0

[Event "Team 45 45 League T44"]
[Site "Internet Chess Club"]
[Date "2010.02.09"]
[Round "1"]
[White "eurander"]
[Black "Zumbi"]
[Result "1/2-1/2"]
[WhiteElo "2207"]
[BlackElo "2055"]
[Opening "Sicilian: Alapin's variation (2.c3)"]
[ECO "B22"]
[Time "14:09:06"]
[TimeControl "2700+45"]

1. e4 c5 2. c3 Nf6 3. e5 Nd5 4. d4 cxd4 5. cxd4 d6 6. Nf3 Nc6 7. Bc4 Nb6 8. Bb5
dxe5 9. Nxe5 Bd7 10. Nxd7 Qxd7 11. Nc3 Rd8 12. O-O e6 13. Bg5 Be7 14. Bxe7 Qxe7
15. Qg4 O-O 16. Rfd1 Qb4 17. Bxc6 bxc6 18. Rab1 c5 19. a3 Qc4 20. Ne2 f5 21. b3
Qc2 22. Qf3 cxd4 23. Qd3 Qxd3 24. Rxd3 e5 25. f4 exf4 {Game drawn by mutual
agreement} 1/2-1/2

[Event "Team 45 45 League T44"]
[Site "Internet Chess Club"]
[Date "2010.02.06"]
[Round "1"]
[White "Ptzz"]
[Black "pestka"]
[Result "1-0"]
[WhiteElo "2044"]
[BlackElo "2217"]
[Opening "QGD: exchange, positional line, 5...c6"]
[ECO "D35"]
[Time "14:06:43"]
[TimeControl "2700+45"]

1. d4 Nf6 2. c4 e6 3. Nc3 d5 4. cxd5 exd5 5. Bg5 c6 6. e3 Be7 7. Bd3 Nbd7 8. Qc2
O-O 9. Nf3 Re8 10. h3 Nf8 11. Bf4 g6 12. O-O Ne6 13. Bh2 Ng7 14. Rab1 a5 15. a3
Bf5 16. b4 axb4 17. axb4 Bxd3 18. Qxd3 Ra3 19. Qc2 Nf5 20. Rb3 Rxb3 21. Qxb3 Ne4
22. Rb1 Nxc3 23. Qxc3 Qb6 24. Qd3 Ra8 25. g4 Nh4 26. Nxh4 Bxh4 27. Kg2 Ra2 28.
Bg3 Bxg3 29. Kxg3 Qc7+ 30. Kg2 b5 31. Qb3 Ra6 32. Qc3 Qd6 33. Rb3 Ra4 34. Qc5
Qf6 35. Qc3 Ra2 36. Rb2 Rxb2 37. Qxb2 Qd6 38. Qc3 Kg7 39. Qc5 Qxc5 40. dxc5 Kf6
41. f4 g5 42. fxg5+ Kxg5 43. Kg3 f5 44. h4+ Kg6 45. g5 Kh5 46. Kf4 Kxh4 47. Kxf5
Kg3 48. Ke5 Kf3 49. Kd6 Kxe3 50. Kxc6 d4 51. Kxb5 d3 52. c6 d2 53. c7 d1=Q 54.
c8=Q Kf4 55. Qc5 Qd7+ 56. Kb6 Qe6+ 57. Kb7 Qe4+ 58. Kc7 Kg4 59. b5 Qf4+ 60. Kc8
Kh4 61. b6 Qg4+ 62. Kd8 Qf4 63. b7 Qb8+ 64. Qc8 Qd6+ 65. Qd7 Qf8+ 66. Kc7 Qc5+
67. Qc6 Qe7+ 68. Kb6 Qb4+ 69. Qb5 Qd6+ 70. Ka5 Qd8+ 71. Kb4 Qd2+ 72. Kb3 Qd1+
73. Ka2 Qc2+ 74. Ka3 Qc1+ 75. Qb2 Qe3+ 76. Qb3 Qc1+ 77. Kb4 Qd2+ 78. Qc3 Qd6+
79. Qc5 Qb8 80. Qd5 Kh5 81. Ka5 Qc7+ 82. Ka6 Kh4 83. Ka7 Qe7 84. Qa5 Qd7 85. Qe5
Qa4+ 86. Kb6 Qb3+ 87. Kc6 Qf3+ 88. Qd5 Qf4 89. Kd7 Qb8 90. Ke7 Qf4 91. Ke6 Qf8
92. Qd7 Qb8 93. Kf6 Qf4+ 94. Qf5 Qd6+ 95. Qe6 Qf4+ 96. Kg7 Qxg5+ 97. Kxh7 Qb5
98. Qf6+ Kg4 99. Qg7+ Kh5 100. Qf7+ Kg5 101. Qg8+ Kh5 102. b8=Q Qf5+ 103. Kh8
Qf6+ 104. Qg7 Qd8+ 105. Qf8 Qd4+ 106. Kg8 Qg4+ 107. Qg7 {Black resigns} 1-0

[Event "Team 45 45 League T44"]
[Site "Internet Chess Club"]
[Date "2010.02.06"]
[Round "1"]
[White "PaulKaspar"]
[Black "Duguesclin"]
[Result "1-0"]
[WhiteElo "1945"]
[BlackElo "1634"]
[Opening "Sicilian defense"]
[ECO "B20"]
[Time "12:02:18"]
[TimeControl "2700+45"]

1. e4 c5 2. Bd3 Nc6 3. Nf3 d5 4. c3 Nf6 5. exd5 Qxd5 6. Bb5 Bg4 7. h3 Bxf3 8.
Qxf3 Qxf3 9. gxf3 Rc8 10. d3 g6 11. Be3 a6 12. Ba4 b5 13. Bb3 Ne5 14. Ke2 c4 15.
dxc4 Nxc4 16. Bxc4 Rxc4 17. Nd2 Rc6 18. a4 Bg7 19. axb5 axb5 20. Ra5 b4 21. cxb4
O-O 22. b5 Rc2 23. b6 Rxb2 24. Rb1 Rxb1 25. Nxb1 Rb8 26. Na3 Nd7 27. Nc4 Kf8 28.
Rb5 f5 29. b7 Kf7 30. Ba7 Rd8 31. b8=Q Nxb8 32. Bxb8 Rd4 33. Ne3 Rh4 34. Rb7 Bf6
35. Nd5 Ke6 36. Nxf6 Kxf6 37. Bc7 Rxh3 38. Bd8 h6 39. Bxe7+ Ke6 40. f4 Rc3 41.
Kf1 Rc4 42. Bf8 h5 43. Rb6+ Kf7 44. Bd6 Re4 45. Rb7+ Ke6 46. Be5 g5 47. f3 Re3
48. Kf2 gxf4 49. Bxf4 Ra3 50. Rh7 Ra4 51. Kg3 Ra1 52. Rxh5 Rg1+ 53. Kh4 Rf1 54.
Kg3 Rg1+ 55. Kf2 Rg6 56. Rh6 Rxh6 57. Bxh6 Ke5 58. Bg7+ Kf4 59. Bc3 Kg5 60. Ke3
Kh5 61. Kf4 Kg6 62. Bd4 {Black resigns} 1-0

[Event "Team 45 45 League T44"]
[Site "Internet Chess Club"]
[Date "2010.02.07"]
[Round "1"]
[White "alastorx"]
[Black "SuperJEM"]
[Result "0-1"]
[WhiteElo "2022"]
[BlackElo "2153"]
[Opening "Pirc defense"]
[ECO "B07"]
[Time "01:01:58"]
[TimeControl "2700+45"]

1. d4 d6 2. Nc3 g6 3. e4 Nf6 4. f3 c6 5. Be3 b5 6. Qd2 Nbd7 7. h4 e5 8. d5 cxd5
9. Nxd5 a6 10. Bg5 h6 11. Nxf6+ Nxf6 12. Bxf6 Qxf6 13. Qd5 Ra7 14. Qc6+ Bd7 15.
Qb6 Ra8 16. Ne2 Qd8 17. Qxd8+ Rxd8 18. Nc3 Be6 19. Rd1 Rc8 20. Bd3 b4 21. Bxa6
Ra8 22. Bb5+ Kd8 23. Nd5 Bxd5 24. exd5 Rxa2 25. Rb1 Bg7 26. O-O Kc7 27. Bc4 Ra5
28. f4 e4 29. Ra1 Rha8 30. Rxa5 Rxa5 31. f5 Bxb2 32. fxg6 fxg6 33. Re1 Bd4+ 34.
Kf1 e3 35. Ke2 Ra8 36. Rf1 Re8 37. Rf4 Bc5 38. Rf7+ Kb6 39. Rf4 Re5 40. g4 g5
41. hxg5 hxg5 42. Rf5 Re4 43. Bd3 Rxg4 {White resigns} 0-1

[Event "Team 45 45 League T44"]
[Site "Internet Chess Club"]
[Date "2010.02.06"]
[Round "1"]
[White "GreatPelle"]
[Black "NFK"]
[Result "1-0"]
[WhiteElo "2051"]
[BlackElo "1705"]
[Opening "Queen's pawn game"]
[ECO "A45"]
[Time "10:00:42"]
[TimeControl "2700+45"]

1. d4 Nf6 2. Nc3 e6 3. e4 Bb4 4. Bg5 h6 5. Bxf6 Bxc3+ 6. bxc3 Qxf6 7. e5 Qe7 8.
Bd3 Nc6 9. f4 b6 10. Ne2 Bb7 11. O-O O-O-O 12. f5 f6 13. Nf4 Qf7 14. fxe6 dxe6
15. Nxe6 Rde8 16. Nf4 f5 17. Qh5 Qxh5 18. Nxh5 g6 19. Nf4 Kb8 20. Nxg6 Rhg8 21.
Nh4 Rg4 22. g3 Ne7 23. Bxf5 Rxh4 24. Bd7 Rg8 25. Rf7 Nd5 26. Raf1 a5 27. Rf8+
Rxf8 28. Rxf8+ Ka7 29. gxh4 Nxc3 30. Kf2 Nxa2 31. e6 {Black resigns} 1-0

[Event "Team 45 45 League T44"]
[Site "Internet Chess Club"]
[Date "2010.02.07"]
[Round "1"]
[White "Egmont"]
[Black "Darkwizard1"]
[Result "1-0"]
[WhiteElo "1774"]
[BlackElo "1880"]
[Opening "Ruy Lopez: classical defense, 4.c3"]
[ECO "C64"]
[Time "11:00:32"]
[TimeControl "2700+45"]

1. e4 Nc6 2. Nf3 e5 3. Bb5 Bc5 4. c3 Nge7 5. O-O O-O 6. d4 exd4 7. cxd4 Bb6 8.
d5 Nb8 9. d6 Ng6 10. dxc7 Bxc7 11. Nc3 Nc6 12. Nd5 Bb8 13. Bg5 f6 14. Be3 Kh8
15. Qa4 Qe8 16. Nb6 axb6 17. Qxa8 Nge5 18. Be2 Ba7 19. b4 Bb8 20. b5 Qh5 21.
Nxe5 Qxe5 22. g3 Ne7 23. Bf4 Qxe4 24. Qxb8 Nf5 25. Bg4 Nh6 26. Bh3 Nf7 27. Rfe1
Qb4 28. Rec1 g5 29. Be3 Ne5 30. Bg2 Qb2 31. Rab1 Qxa2 32. Bxb6 Kg7 33. Qd6 Re8
34. Bd5 Qd2 35. Rd1 Qe2 36. Re1 Qh5 37. Rxe5 Rxe5 38. Bd4 Rf5 39. Qe7+ Kh6 40.
Qf8+ {Black resigns} 1-0

[Event "Team 45 45 League T44"]
[Site "Internet Chess Club"]
[Date "2010.02.07"]
[Round "1"]
[White "kidviper"]
[Black "BrerRabbit"]
[Result "1-0"]
[WhiteElo "1920"]
[BlackElo "1502"]
[Opening "King's Indian: Gligoric-Taimanov system"]
[ECO "E92"]
[Time "15:03:23"]
[TimeControl "2700+45"]

1. d4 Nf6 2. c4 g6 3. Nc3 Bg7 4. e4 d6 5. Nf3 O-O 6. Be2 e5 7. Be3 Na6 8. a3
exd4 9. Nxd4 Nc5 10. f3 Ne6 11. Qd2 Nxd4 12. Bxd4 Bd7 13. Nd5 c6 14. Nxf6+ Bxf6
15. Bxf6 Qxf6 16. O-O-O d5 17. exd5 cxd5 18. Qxd5 Bc6 19. Qd2 Rad8 20. Bd3 Kg7
21. Kc2 Rd4 22. Qc3 Rfd8 23. Be2 Qf5+ 24. Kb3 Qf6 25. Rxd4 Qxd4 26. Rd1 Qxc3+
27. Kxc3 Re8 28. Rd2 Re3+ 29. Bd3 Re1 30. Re2 Rh1 31. h3 Rg1 32. Be4 Bxe4 33.
fxe4 Kf6 34. Kd4 Rd1+ 35. Kc5 Ke5 36. a4 Rd4 37. b4 Rd6 38. b5 b6+ 39. Kb4 Rd4
40. Re3 Rxe4 41. Rxe4+ Kxe4 42. c5 Kd5 43. c6 Kd6 44. Kc4 f5 45. g4 f4 46. g5 f3
47. Kd3 {Black resigns} 1-0

[Event "Team 45 45 League T44"]
[Site "Internet Chess Club"]
[Date "2010.02.08"]
[Round "1"]
[White "Bible-Believer"]
[Black "LeanSixSigma"]
[Result "1-0"]
[WhiteElo "1546"]
[BlackElo "1417"]
[Opening "Queen's pawn game, Chigorin variation"]
[ECO "D02"]
[Time "17:00:07"]
[TimeControl "2700+45"]

1. d4 d5 2. Nf3 Nc6 3. e3 Bg4 4. c4 Nf6 5. cxd5 Nxd5 6. Be2 e6 7. O-O Bd6 8. h3
Bh5 9. Bd2 O-O 10. Nc3 a6 11. Rc1 Nxc3 12. bxc3 Na5 13. c4 c5 14. Qc2 Bg6 15.
Qa4 Nc6 16. Rfd1 b5 17. cxb5 axb5 18. Qxb5 Qd7 19. dxc5 Rab8 20. Qa4 Ra8 21. Qc4
Ne5 22. Nxe5 Bxe5 23. Bc3 Qc7 24. Bxe5 Qxe5 25. Rd2 Be4 26. Qc3 Qxc3 27. Rxc3
Bc6 28. Bc4 Ra5 29. Bb3 Ra3 30. Rd6 Bd5 31. c6 Bxb3 32. Rxb3 Rxa2 33. Rc3 Raa8
34. c7 Rac8 35. Rd7 g6 36. Rcd3 Kg7 37. Kf1 Kf6 38. Ke2 Kg5 39. Rd8 Rxc7 40.
Rxf8 Kf6 41. Rfd8 {Black resigns} 1-0

[Event "Team 45 45 League T44"]
[Site "Internet Chess Club"]
[Date "2010.02.07"]
[Round "1"]
[White "rookmaster23"]
[Black "joshtournman"]
[Result "1-0"]
[WhiteElo "1374"]
[BlackElo "1446"]
[Opening "QGD: Ragozin variation"]
[ECO "D38"]
[Time "14:50:42"]
[TimeControl "2700+45"]

1. d4 d5 2. c4 e6 3. Nc3 Nf6 4. Nf3 Bb4 5. Bf4 Bd6 6. Bxd6 Qxd6 7. c5 Qe7 8. e3
O-O 9. Be2 b6 10. b4 bxc5 11. bxc5 Nc6 12. Rb1 e5 13. Bb5 Bd7 14. Bxc6 Bxc6 15.
Nxe5 Bd7 16. Nxd7 Qxd7 17. O-O Rab8 18. Qc2 c6 19. Rxb8 Rxb8 20. Rb1 Rxb1+ 21.
Qxb1 g6 22. h3 Kg7 23. g4 h5 24. f3 hxg4 25. hxg4 Qe6 26. Kf2 Nd7 27. Qb7 a5 28.
Qa6 Qf6 29. Ke2 Qh4 30. Qxa5 Qh2+ 31. Kd3 Qg3 32. Qa7 Nf6 33. Qb6 Qxf3 34. Qxc6
Nxg4 35. Nxd5 Qd1+ 36. Ke4 Nf2+ 37. Ke5 Qh5+ 38. Kd6 Qf5 39. a4 Ne4+ 40. Kc7 Qf3
41. a5 Qg3+ 42. Kb7 Qe1 43. a6 Qb1+ 44. Qb6 Qh1 45. a7 Nf6 46. Qxf6+ {Black
resigns} 1-0

[Event "Team 45 45 League T44"]
[Site "Internet Chess Club"]
[Date "2010.02.06"]
[Round "1"]
[White "chesskix"]
[Black "mrmarck"]
[Result "1/2-1/2"]
[WhiteElo "1357"]
[BlackElo "1278"]
[Opening "King's Indian, 3.Nf3"]
[ECO "E61"]
[Time "10:00:14"]
[TimeControl "2700+45"]

1. c4 Nf6 2. Nf3 g6 3. d4 Bg7 4. Nc3 d6 5. h3 O-O 6. e4 e5 7. d5 Na6 8. Bd3 Nc5
9. Bc2 a6 10. b4 Ncd7 11. O-O c5 12. a3 b6 13. Be3 Rb8 14. Qc1 Re8 15. Bh6 b5
16. cxb5 axb5 17. Be3 c4 18. Nh2 Nh5 19. Bg5 f6 20. Bh6 Nf8 21. Bxg7 Kxg7 22.
Ng4 Bxg4 23. hxg4 Nf4 24. Qe3 g5 25. Ne2 N8g6 26. g3 Nxe2+ 27. Qxe2 Qc8 28. Qf3
Qc7 29. Kg2 Rbc8 30. Rh1 Rh8 31. Rh5 Nf8 32. Rah1 Qf7 33. Qf5 Ng6 34. Qxc8 Rxc8
35. Rxh7+ Kg8 36. Rxf7 Kxf7 37. Rh7+ Ke8 38. Rh6 Kf7 39. Rh7+ Ke8 40. Rb7 Ra8
41. Rxb5 Rxa3 42. Rb6 Kd7 43. Rb7+ Ke8 44. b5 Ra2 45. Bd1 Rb2 46. Ba4 c3 47. b6+
Kd8 48. Rd7+ Kc8 49. Rxd6 c2 50. Rc6+ Kb7 51. Bxc2 Rxb6 52. Rxb6+ Kxb6 53. Ba4
Kc5 54. Kf3 Ne7 55. Bd7 Ng6 56. Be6 Kd6 57. Ke3 Kc5 58. Kd3 Ne7 59. Kc3 Ng6 60.
Bf7 Ne7 61. f3 Nc8 62. Be6 Nd6 63. Kd3 Nc4 64. Bf5 {Game drawn by mutual
agreement} 1/2-1/2

[Event "Team 45 45 League T44"]
[Site "Internet Chess Club"]
[Date "2010.02.08"]
[Round "1"]
[White "RancidTurnip"]
[Black "Skylab"]
[Result "0-1"]
[WhiteElo "1208"]
[BlackElo "1247"]
[Opening "Scotch game"]
[ECO "C45"]
[Time "13:30:35"]
[TimeControl "2700+45"]

1. e4 e5 2. Nf3 Nc6 3. d4 exd4 4. Nxd4 d6 5. Bb5 Bd7 6. Nc3 Nf6 7. O-O Be7 8.
Re1 O-O 9. Nd5 a6 10. Nxc6 bxc6 11. Bxc6 Bxc6 12. Nxe7+ Qxe7 13. f3 Rfe8 14. Qd4
Rad8 15. Bd2 Qe5 16. Qe3 Qc5 17. Re2 Qxe3+ 18. Rxe3 Bb5 19. Ba5 Rd7 20. b3 Rde7
21. c4 Bc6 22. Rae1 Bb7 23. Kf2 c5 24. R1e2 Nd7 25. Bc7 Re6 26. Rd2 f5 27. Bxd6
fxe4 28. f4 Kf7 29. Bc7 R8e7 30. a3 Nf6 31. h3 Rxc7 32. g4 Rd7 33. Rde2 Red6 34.
b4 Rd2 35. bxc5 Rxe2+ 36. Kxe2 Rc7 37. a4 Rxc5 38. g5 Nd7 39. h4 Rxc4 40. h5
Rxa4 41. g6+ hxg6 42. hxg6+ Kxg6 43. Rg3+ Kf7 44. Re3 Ra2+ 45. Kd1 Nf6 46. Kc1
Bd5 47. Kb1 Rf2 {White resigns} 0-1

[Event "Team 45 45 League T44"]
[Site "Internet Chess Club"]
[Date "2010.02.10"]
[Round "1"]
[White "OGO"]
[Black "SATELLITE-DAN"]
[Result "0-1"]
[WhiteElo "1461"]
[BlackElo "1563"]
[Opening "Ruy Lopez: Marshall counter-attack"]
[ECO "C89"]
[Time "11:06:34"]
[TimeControl "2700+45"]

1. e4 e5 2. Nf3 Nc6 3. Bb5 a6 4. Ba4 Nf6 5. O-O Be7 6. Re1 b5 7. Bb3 O-O 8. c3
d5 9. exd5 Nxd5 10. Nxe5 Nxe5 11. Rxe5 Nf6 12. Qf3 Bg4 13. Qe3 Bd6 14. Bd5 Nxd5
15. Rxd5 Re8 {White resigns} 0-1